 Dungeon Crawl Stone Soup version 0.19-a0-892-g8a19e52 (webtiles) character file.

28 4thArraOfDagon the Chopper (level 2, -1/27 HPs)
             Began as a Minotaur Chaos Knight on July 4, 2016.
             Slain by Fenrir042's ghost (2 damage)
             ... on level 6 of the Dungeon.
             The game lasted 00:02:00 (487 turns).

4thArraOfDagon the Chopper (Minotaur Chaos Knight)   Turns: 487, Time: 00:02:01

Health: -1/27      AC:  7    Str: 16    XL:     2   Next: 96%
Magic:  1/1        EV:  4    Int:  9    God:    Xom [..*...]
Gold:   75         SH:  0    Dex:  9    Spells: 0 memorised, 1 level left

rFire  . . .     SeeInvis .     a - +0 hand axe (chaos)
rCold  . . .     Gourm    .     i - +1 scale mail
rNeg   . . .     Faith    .     (no shield)
rPois  .         Spirit   .     (helmet restricted)
rElec  .         Dismiss  .     (no cloak)
rCorr  .         Reflect  .     (no gloves)
SustAt .         Harm     .     (no boots)
MR     .....                    (no amulet)
Stlth  ..........               (no ring)
                                (no ring)

@: very slightly contaminated, not resistant to hostile enchantments, extremely
unstealthy
A: retaliatory headbutt, horns 2
a: Renounce Religion


You were on level 6 of the Dungeon.
You worshipped Xom.
You were a toy of Xom.
You were not hungry.

You visited 1 branch of the dungeon, and saw 5 of its levels.

You collected 75 gold pieces.

Inventory:

Hand Weapons
 a - a +0 hand axe of chaos (weapon)
Armour
 b - a +2 leather armour
 i - a +1 scale mail (worn)
Scrolls
 e - 2 scrolls of immolation {unknown}
 j - a scroll of recharging {unknown}
 l - a scroll of identify {unknown}
 m - a scroll of random uselessness {unknown}
Comestibles
 c - 3 bread rations
 d - 3 fruits
 h - a beef jerky
 k - a meat ration
 n - a slice of pizza


   Skills:
 + Level 4.1 Fighting
 * Level 4.3 Axes
 + Level 3.0 Armour
 - Level 1.1 Dodging


You had one spell level left.
You didn't know any spells.

Dungeon Overview and Level Annotations

Branches:
Dungeon (4/15)
 Temple: D:4-7

Altars:

Annotations:
D:6 Edmund; Fenrir042's ghost, novice SpVM


Innate Abilities, Weirdness & Mutations

You reflexively headbutt those who attack you in melee.
You have a pair of horns on your head.


Message History

Press: ? - help, Dir - move target cursor, f - you Are you sure you want to cancel this blink?
Blink to where?
Press: ? - help, Dir - move target cursor You are very lightly contaminated with residual magic.
As you read the scroll labeled ROUJIU IJUWN, it crumbles to dust.
It was a scroll of blinking.
Edmund the Younger comes into view.
He is wielding a dire flail of protection.
Fenrir042's ghost shouts, "You must not fail where I succeeded!"
Unknown command.
The centaur wields a glowing shortbow.
It bursts into flame!
The centaur shoots an arrow.
The arrow hits you!
* * * LOW HITPOINT WARNING * * *
The arrow burns you.
* * * LOW HITPOINT WARNING * * *
Fenrir042's ghost hits you.
* * * LOW HITPOINT WARNING * * *
Fenrir042's ghost freezes you.
You die...
Xom roars with laughter!

#..# .##..# .#
..#..#.. .
#.#ยง.#@ ..
#..c.......
#....#..!..
#.###..h.O.....
#.....W..#.(...
###@#.#.....
#..#.# ####
#..#.# ...#
..... ......
#####.. #...


You could see Edmund, an ogre, a centaur, a howler monkey and Fenrir042's ghost.

Vanquished Creatures
  A giant gecko (D:3)
  A ball python (D:2)
  A bat (D:3)
  2 goblins
  3 hobgoblins
  9 jackals
  A giant newt (D:1)
  2 kobolds (D:1)
  A rat (D:3)
21 creatures vanquished.

Notes
Turn   | Place    | Note
-------+----------+-------------------------------------------
     0 | D:1      | 4thArraOfDagon the Minotaur Chaos Knight began the quest for the Orb.
     0 | D:1      | Reached XP level 1. HP: 19/19 MP: 0/0
   219 | D:1      | Reached XP level 2. HP: 24/27 MP: 1/1
   379 | D:2      | You fall through a shaft for 2 floors!
   429 | D:3      | XOM: noise
   459 | D:3      | XOM: harmless Fire miscast
   483 | D:4      | You fall through a shaft for 2 floors!
   483 | D:6      | Noticed a centaur
   483 | D:6      | Noticed a howler monkey
   483 | D:6      | Noticed an ogre
   483 | D:6      | Noticed Fenrir042's ghost (novice SpVM)
   486 | D:6      | Noticed Edmund
   487 | D:6      | HP: 1/27 [Fenrir042's ghost (3)]
   487 | D:6      | Slain by Fenrir042's ghost

Vault maps used:
D:1:      minmay_arrival_widening_spiral_wide, grunt_decor_resistance
D:3:      first_bread, uniq_terence
D:4:      grunt_temple_overflow_open, minmay_misc_feat_rugged
D:6:      uniq_edmund, uniq_grinder

Skill      XL: |  1  2 |
---------------+-------+-----
Axes           | 4 |  4.3
Fighting       | 4 |  4.1
Armour         | 3 |  3.0
Dodging        | |  1.1

Action                   || total
-------------------------++-------
Melee: Hand axe          ||    40
       Headbutt          ||     2
  Use: Scroll            ||     2
Armor: Leather armour    ||     6
       Scale mail        ||    20
Dodge: Dodged            ||    30
